 Dungeon Crawl Stone Soup version 0.31-a0-364-gb59cdcccf2 (webtiles) character file.

Game seed: 9578568338147610612

8171 floatRand the Grappler (level 11, -1/77 HPs)
             Began as a Yellow Draconian Shapeshifter on July 27, 2023.
             Was a Priest of Ru.
             Slain by an ogre
             ... wielding a +0 giant club
             ... led by Lodul
              (17 damage)
             ... on level 10 of the Dungeon.
             The game lasted 00:15:07 (10769 turns).

floatRand the Grappler (DrSh)                      Turns: 10769, Time: 00:15:08

Health: -1/77      AC: 11    Str: 20    XL:     11   Next: 6%
Magic:  11/11      EV: 13    Int:  8    God:    Ru [***...]
Gold:   520        SH:  0    Dex: 14    Spells: 10/10 levels left

rFire   . .          .
                       - Unarmed
rCold   . . .        (no shield)
rNeg    . . .        (body armour unavailable)
rPois   .            (helmet currently unavailable)
rElec   .            (cloak currently unavailable)
rCorr   +            (gloves currently unavailable)
SInv    .            (boots currently unavailable)
Will    .....        u - amulet of faith
Stlth   +++          e - +4 ring of protection
HPRegen 0.32/turn    (no ring)
MPRegen 0.12/turn

%: faith
@: beast-form
A: beast (slay +6), spit acid, AC +7, unfitting armour, cold-blooded, hated by
all, unskilled 1, acid resistance
a: Breathe Acid, Begin Untransformation, Renounce Religion, Draw Out Power


You were on level 10 of the Dungeon.
You worshipped Ru.
Ru was most pleased with you.
You were a hulking beast.
You visited 2 branches of the dungeon, and saw 11 of its levels.
You also visited: Sewer.

You collected 520 gold pieces.

Inventory:

Missiles
 r - 2 throwing nets
Armour
 g - a +1 pair of gloves
 x - a +0 cloak
Jewellery
 e - a +4 ring of protection (left hand)
 u - an amulet of faith (around neck)
Talismans
 b - a beast talisman
Wands
 w - a wand of iceblast (20)
 y - a wand of acid (3)
 C - a wand of digging (5)
Scrolls
 c - 5 scrolls of enchant armour
 d - 5 scrolls of teleportation
 f - 4 scrolls of silence
 h - a scroll of blinking
 i - 4 scrolls of amnesia
 j - 2 scrolls of fog
 m - 2 scrolls of revelation
 n - a scroll of enchant weapon
 o - a scroll of fear
 D - a scroll of vulnerability {unknown}
Potions
 a - 2 potions of lignification
 k - 4 potions of heal wounds
 l - 2 potions of curing
 p - 5 potions of enlightenment
 q - a potion of cancellation
 s - 2 potions of haste
 t - 3 potions of mutation
 v - 2 potions of attraction {unknown}
 z - 2 potions of magic
 A - a potion of ambrosia {unknown}
 B - a potion of berserk rage {unknown}


   Skills:
 - Level 1.0 Fighting
 + Level 4.4 Dodging
 + Level 4.4 Stealth
 * Level 10.5 Unarmed Combat
 * Level 9.0 Shapeshifting


You had 10 spell levels left.
You didn't know any spells.
Your spell library contained the following spells:

 Spells                   Type           Power      Damage    Failure   Level
 Magic Dart               Conj           0%         1d3       41%         1
 Searing Ray              Conj           0%         2d4       54%         2
 Teleport Other           Tloc           0%         N/A       78%         3
 Vhi's Electric Charge    Tloc/Air       0%         N/A       78%         3
 Fulminant Prism          Conj/Hex       0%         3d5       99%         4
 Iskenderun's Mystic Bla  Conj/Tloc      0%         2d3       99%         4
 Passage of Golubria      Tloc           0%         N/A       99%         4
 Arcjolt                  Conj/Air       0%         1d10      100%        5
 Disjunction              Tloc           0%         N/A       100%        8
 Maxwell's Capacitive Co  Air            0%         ∞         100%        8
 Summon Small Mammal      Summ           Unusable   N/A       N/A         1
 Call Canine Familiar     Summ           Unusable   N/A       N/A         3
 Summon Guardian Golem    Hex/Summ       Unusable   N/A       N/A         3

Dungeon Overview and Level Annotations

Branches:
Dungeon (10/15)            Temple (1/1) D:4           Sewer (visited)
   Lair: D:8-11         Orc: D:9-12

Altars:
Ashenzari
Cheibriados
Dithmenos
Elyvilon
Gozag
Kikubaaqudgha
Makhleb
Nemelex Xobeh
Okawaru
Qazlal
Ru
Sif Muna
Trog
Uskayaw
Vehumet
Wu Jian
Xom
Zin
The Shining One

Shops:
D:8 =

Annotations:
D:3 3 runed translucent doors, mopl's ghost, amateur OpSh


Innate Abilities, Weirdness & Mutations

You are a hulking beast.
Your limbs bulge with bestial killing power. (Slay +6)
You can spit globs of acid.
Your golden yellow scales are hard. (AC +7)
You cannot fit into any form of body armour.
You are cold-blooded and may be slowed by cold attacks.
You are hated by all.
You are somewhat unskilled. (-1 Apt)
You are resistant to acid. (rCorr)


Message History

The ogre shouts!
You hear a shout! x3
The ogre shouts!
You punch the wraith!
The wraith is heavily damaged.
You hear a shout!
You completely miss the wraith.
You tail-slap the wraith, but do no damage.
The wraith is heavily damaged.
The wraith misses you.
You closely miss the wraith.
The wraith is heavily damaged.
The wraith is stunned by your conviction and fails to attack.
You punch the wraith!
The wraith is almost destroyed.
The wraith misses you.
You barely miss the wraith. You tail-slap the wraith.
The wraith is almost destroyed.
The wraith hits you. The wraith drains your vigour!
You feel yourself slow down.
You punch the wraith!
You destroy the wraith!
An ogre comes into view. It is wielding a +0 giant club.
You see here 11 gold pieces.
The ogre attacks as you move away! The ogre hits you with a +0 giant club.
The ogre hits you with a +0 giant club! The ogre attacks as you move away!
The ogre barely misses you. The ogre misses you. The ogre misses you.
The ogre attacks as you move away!
The ogre hits you with a +0 giant club!!
The ogre attacks as you move away! The ogre hits you with a +0 giant club!
* * * LOW HITPOINT WARNING * * *
You feel yourself speed up.
You can't go up here!
You punch the ogre!
The ogre is moderately wounded.
The ogre hits you with a +0 giant club.
* * * LOW HITPOINT WARNING * * *
The ogre hits you with a +0 giant club!
You die...

#.....###†$.#...#.#...
#.....###...#...###..#
......#.............#
#..........#......
#.#........#.##.##
###................#
#...........##......
#..OO........##.....
..##..h###...........#.
#........#..)##.........
.........[..#.#........#
...#.....#............##
## #.....##[...........#
......####).#.........
........#....######....
.............# .....
..###.....##.. #....#


You could see 2 ogres.

Vanquished Creatures
  3 two-headed ogres (D:9)
  A gargoyle (D:7)
  A troll (D:10)
  Grinder (D:3)
  Prince Ribbit (D:7)
  Sigmund (D:5)
  3 wyverns
  3 yaks (D:8)
  A wraith (D:10)
  A shadow (D:9)
  A steam dragon (D:7)
  An acid dragon (D:10)
  A water moccasin (D:5)
  A sky beast (D:8)
  4 orc warriors
  2 ice beasts
  5 black bears
  2 centaurs
  3 ogres
  A bullfrog (D:7)
  5 scorpions
  7 wights
  An electric eel (D:6)
  4 howler monkeys
  4 gnoll boudas
  3 hounds
  Crazy Yiuf (D:5)
  4 orc priests
  2 jellies
  A sleepcap (D:6)
  Ijyb (D:5)
  2 iguanas
  12 orc wizards
  34 gnolls
  15 adders
  7 river rats (Sewer)
  A white imp (D:6)
  2 worms
  4 dart slugs
  14 orcs
  15 ball pythons
  8 bats
  6 endoplasms
  3 giant cockroaches
  6 goblins
  5 hobgoblins
  13 jackals
  9 quokkas
  3 frilled lizards
  4 kobolds
  4 rats (D:3)
237 creatures vanquished.

Notes
Turn   | Place    | Note
-------+----------+-------------------------------------------
     0 | D:1      | floatRand the Draconian Shapeshifter began the quest for
                  | the Orb.
     0 | D:1      | Reached XP level 1. HP: 16/16 MP: 1/1
   251 | D:1      | Reached XP level 2. HP: 23/23 MP: 2/2
   692 | D:2      | Reached XP level 3. HP: 20/28 MP: 3/3
  1039 | D:2      | Reached skill level 4 in Unarmed Combat
  1168 | D:2      | Reached XP level 4. HP: 23/35 MP: 4/4
  1592 | D:3      | Found a glowing drain.
  1601 | Sewer    | Entered a sewer
  1609 | Sewer    | Reached XP level 5. HP: 40/40 MP: 5/5
  2025 | Sewer    | Reached skill level 5 in Unarmed Combat
  2297 | D:3      | Found a runed translucent gate.
  2298 | D:3      | Found a runed translucent gate.
  2299 | D:3      | Found a runed translucent gate.
  2299 | D:3      | Noticed mopl's ghost (amateur OpSh)
  2405 | D:3      | Found an opulent altar of Gozag.
  2406 | D:3      | Found a sparkling altar of Nemelex Xobeh.
  2469 | D:3      | Noticed Grinder
  2484 | D:3      | Reached XP level 6. HP: 45/47 MP: 6/6
  2494 | D:3      | Killed Grinder
  2495 | D:3      | Reached skill level 5 in Shapeshifting
  2666 | D:3      | Found a snail-covered altar of Cheibriados.
  2894 | D:4      | Reached skill level 6 in Unarmed Combat
  2894 | D:4      | Your scales start taking on a golden yellow colour.
  2894 | D:4      | Reached XP level 7. HP: 41/52 MP: 7/7
  2894 | D:4      | Gained mutation: You are resistant to acid. (rCorr) [Yellow
                  | Draconian growth]
  3011 | D:4      | Found a glowing golden altar of the Shining One.
  3011 | D:4      | Found a broken altar of Ashenzari.
  3011 | D:4      | Found a hazy altar of Hepliaklqana.
  3012 | D:4      | Found an ancient bone altar of Kikubaaqudgha.
  3155 | D:4      | Found a staircase to the Ecumenical Temple.
  3600 | D:5      | Entered Level 5 of the Dungeon
  3635 | D:5      | Reached skill level 7 in Unarmed Combat
  3907 | D:5      | Reached XP level 8. HP: 59/59 MP: 8/8
  3987 | D:5      | Noticed Sigmund
  4111 | D:5      | Killed Sigmund
  4114 | D:5      | Reached skill level 8 in Unarmed Combat
  4262 | D:5      | Found a stormy altar of Qazlal.
  4275 | D:5      | Found a runed translucent door.
  4276 | D:5      | Noticed Crazy Yiuf
  4282 | D:5      | Killed Crazy Yiuf
  4435 | D:5      | Noticed Ijyb
  4443 | D:5      | Killed Ijyb
  4896 | Temple   | Entered the Ecumenical Temple
  4910 | Temple   | Became a worshipper of Ru the Awakened
  5020 | D:6      | Found a white marble altar of Elyvilon.
  5266 | D:6      | Reached XP level 9. HP: 64/64 MP: 9/9
  5462 | D:6      | Reached skill level 9 in Unarmed Combat
  6032 | D:6      | Reached skill level 1 in Stealth
  6571 | D:7      | Found a burning altar of Makhleb.
  6610 | D:7      | Noticed a gargoyle
  6652 | D:7      | Killed a gargoyle
  6861 | D:7      | Gained mutation: You are somewhat unskilled. (-1 Apt) [Ru
                  | sacrifice]
  6861 | D:7      | Reduced skill Unarmed Combat to level 8
  6861 | D:7      | Reached * piety under Ru
  6900 | D:7      | Noticed Prince Ribbit
  6910 | D:7      | Killed Prince Ribbit
  7125 | D:7      | Found a shimmering blue altar of Sif Muna.
  7302 | D:7      | Reached skill level 9 in Unarmed Combat
  7861 | D:8      | Found Anaec's Jewellery Emporium.
  8009 | D:8      | Found a bloodstained altar of Trog.
  8031 | D:8      | Reached XP level 10. HP: 71/71 MP: 10/10
  8683 | D:8      | Gained mutation: You are hated by all. [Ru sacrifice]
  8683 | D:8      | Reached ** piety under Ru
  8683 | D:8      | Reached *** piety under Ru
  8780 | D:8      | Found an ornate altar of the Wu Jian Council.
  8957 | D:9      | Noticed a two-headed ogre
  8961 | D:9      | Killed a two-headed ogre
  9127 | D:9      | Noticed a +0 falchion
  9127 | D:9      | Noticed a +0 spear
  9127 | D:9      | Noticed a +0 spear
  9127 | D:9      | Noticed a +0 short sword
  9127 | D:9      | Noticed a +0 dagger
  9127 | D:9      | Noticed a +0 falchion
  9132 | D:9      | Noticed a +0 short sword
  9134 | D:9      | Noticed a +0 dagger
  9202 | D:9      | Found a hide-covered altar of Uskayaw.
  9206 | D:9      | Reached skill level 10 in Unarmed Combat
  9403 | D:9      | Noticed a two-headed ogre
  9409 | D:9      | Killed a two-headed ogre
  9634 | D:9      | Noticed a two-headed ogre
  9643 | D:9      | Killed a two-headed ogre
 10194 | D:10     | Entered Level 10 of the Dungeon
 10426 | D:10     | Got the Incunable of Location
 10465 | D:10     | Reached XP level 11. HP: 77/77 MP: 11/11
 10769 | D:10     | Slain by an ogre

Illustrated notes

Levels and vault maps discovered:
D:1:      psy_arrival_whirlpool, layout_basic
D:2:      minmay_door_path, layout_rooms, minmay_misc_feat_pillars
D:3:      layout_rooms, grunt_temple_overflow_opulence, slow_altar_2,
          portal_sewer_entry_d, biasface_ghost_orc_armoury,
          hangedman_glass_teeth, minmay_misc_feat_alley, uniq_grinder
D:4:      layout_basic, chequers_temple_overflow_statue_of_worship,
          minmay_temple_entry_from_below_a, kennysheep_generic_room_16
D:5:      layout_loops_ring, kennysheep_mini, uniq_ijyb, uniq_sigmund,
          uniq_crazy_yiuf_cottage
D:6:      layout_layer_cave, elyvilon_altar_5, grunt_ministairs_13, st_stairs_5,
          serial_bayou_pond_c, kennysheep_generic_room_5
D:7:      layout_rooms, kennysheep_orc_sif_temple, makhleb_blood_cavern_becter,
          uniq_prince_ribbit1
D:8:      layout_loops_ring, nzn_wu_jian_council_hall, trog_ov_bears_minmay,
          minmay_shop_grid_forest
D:9:      layout_basic, nicolae_uskayaw_en_pointe
D:10:     layout_cave_pools, uniq_psyche, uniq_lodul
Temple:   nicolae_temple_colour_theory

Skill      XL: |  1  2  3  4  5  6  7  8  9 10 11 |
---------------+----------------------------------+-----
Unarmed Combat | 4 5 6 7 8 9 10 | 10.5
Shapeshifting  | 4 5 6 7 7 8 9 |  9.0
Dodging        | 3 4 |  4.4
Stealth        | 2 4 |  4.4
Fighting       | |  1.0

Action                     |  1- 3 |  4- 6 |  7- 9 | 10-12 || total
---------------------------+-------+-------+-------+-------++-------
  Melee: Unarmed           |    69 |   178 |   278 |   147 ||   672
         Tailslap          |     8 |    26 |    45 |    20 ||    99
         Punch             |     1 |     2 |    15 |     7 ||    25
 Invoke: Sacrifice Skill   |       |       |     1 |       ||     1
         Sacrifice Love    |       |       |       |     1 ||     1
Ability: Breathe Acid      |       |       |     5 |     2 ||     7
    Use: Scroll            |       |    10 |    10 |     1 ||    21
         Potion            |       |     1 |     1 |       ||     2
   Stab: Sleeping          |       |     2 |     2 |     2 ||     6
         Invisible         |       |       |       |     1 ||     1
 Armour: Skin              |    16 |    84 |   107 |    47 ||   254
  Dodge: Dodged            |    55 |   126 |   180 |    60 ||   421
         Form:             |     1 |       |       |       ||     1
         Beast             |     1 |       |       |       ||     1

Table legend: (Time is in decaauts)
 A = Elapsed time spent in this place.
 B = Non-inter-level travel time spent in this place.
 C = Inter-level travel time spent in this place.
 D = Time resting spent in this place.
 E = Time spent auto-exploring this place.
 F = Levels seen in this place.
 G = Mean time per level.
                   A        B        C        D        E       F      G
               +--------+--------+--------+--------+--------+-----+--------+
         Total |  10847 |  10591 |    256 |   1571 |   6741 |  12 |  903.9 |
       Dungeon |  10037 |   9781 |    256 |   1447 |   6350 |  10 | 1003.7 |
        Temple |     28 |     28 |      0 |      0 |      0 |   1 |   28.0 |
         Sewer |    782 |    782 |      0 |    124 |    391 |   1 |  782.0 |
               +--------+--------+--------+--------+--------+-----+--------+

Top non-repeatable levels by time:
     D:6: 1568 daAuts
     D:9: 1464 daAuts
     D:7: 1204 daAuts
     D:8: 1202 daAuts
     D:5: 1200 daAuts
     D:4: 827 daAuts
     D:2: 798 daAuts
   Sewer: 782 daAuts
     D:3: 753 daAuts
     D:1: 678 daAuts
    D:10: 338 daAuts
  Temple: 28 daAuts
